 Dungeon Crawl Stone Soup version 0.27.1-4-g1640c2035a (webtiles) character file.

Game seed: 17432627485168853906

96 Stomo444 the Gusty (level 4, 0/22 HPs)
             Began as a Vine Stalker Air Elementalist on Nov 13, 2021.
             Slain by an adder (2 damage)
             ... on level 3 of the Dungeon.
             The game lasted 00:05:08 (3422 turns).

Stomo444 the Gusty (Vine Stalker Air Elementalist)  Turns: 3422, Time: 00:05:08

Health: 0/22       AC:  2    Str: 12    XL:     4   Next: 67%
Magic:  0/8        EV: 12    Int: 15    God:
Gold:   57         SH:  0    Dex: 14    Spells: 4/7 levels left

rFire    . . .     SeeInvis .   g - +1 short sword (drain)
rCold    . . .     Faith    .   (no shield)
rNeg     . . .     Spirit   +   a - +0 robe
rPois    .         Reflect  .   (no helmet)
rElec    .         Harm     .   (no cloak)
rCorr    .         Rampage  .   (no gloves)
Will     .....                  (no boots)
Stlth    ++........             (no amulet)
HPRegen  1.07/turn              (no ring)
MPRegen  0.11/turn              (no ring)

@: lethally poisoned (0 -> 0), flying
A: fangs 2, regeneration 1, magic shield, antimagic bite, no potion heal 2
a: no special abilities


You were on level 3 of the Dungeon.
You visited 1 branch of the dungeon, and saw 4 of its levels.

You collected 57 gold pieces.

Inventory:

Hand Weapons
 b - a +0 club
 c - a +0 dagger
 g - a +1 short sword of draining (weapon)
 n - a +0 falchion
Armour
 a - a +0 robe (worn)
Jewellery
 m - an amulet of magic regeneration
Scrolls
 e - 5 scrolls of teleportation
 h - a scroll of noise {unknown}
 i - a scroll of brand weapon {unknown}
 j - a scroll of enchant armour {unknown}
 k - 3 scrolls of identify {unknown}
Potions
 f - a potion of brilliance {unknown}
 l - a potion of mutation {unknown}


   Skills:
 + Level 1.6 Fighting
 + Level 1.0 Short Blades
 + Level 2.3 Dodging
 - Level 2.4 Stealth
 - Level 2.1 Spellcasting
 - Level 1.0 Conjurations
 * Level 4.0 Air Magic


You had 4 spell levels left.
You knew the following spells:

 Your Spells              Type           Power      Damage    Failure   Level
a - Shock                 Conj/Air       36%        1d5       8%          1
b - Static Discharge      Conj/Air       9%         N/A       12%         2

Your spell library contained the following spells:

 Spells                   Type           Power      Damage    Failure   Level
 Swiftness                Air            13%        N/A       13%         3
 Airstrike                Air            6%         N/A       38%         4


Dungeon Overview and Level Annotations

Branches:
Dungeon (4/15)
 Temple: D:4-7

Altars:
Ashenzari
Fedhas
Wu Jian
Zin


Innate Abilities, Weirdness & Mutations

You have extremely sharp teeth.
Your natural rate of healing is unusually fast.
When hurt, damage is shared between your health and your magic reserves.
Your bite disrupts and absorbs the magic of your enemies.
Potions cannot restore your health.


Message History

The adder bites you but does no damage.
Unknown command.
You closely miss the adder.
The adder is severely wounded.
The adder bites you.
You are poisoned.
The adder poisons you! The adder barely misses you. The adder bites you. x2
Unknown command.
Casting: Shock (safe; 8% risk of failure)
Confirm with . or Enter, or press ? or * to list all spells.
The adder is struck by an arc of lightning!
You kill the adder!
The lightning grounds out.
The adder is struck by an arc of lightning.
The adder is moderately wounded.
The lightning grounds out.
The adder is struck by an arc of lightning.
The adder is moderately wounded.
The lightning grounds out.
You feel sick. The adder closely misses you. x2
Your Air Magic skill increases to level 4!
Unknown command.
You feel sick. The adder closely misses you. The adder barely misses you.
You see here 5 gold pieces.
You feel sick. The adder bites you.
You are more poisoned.
The adder poisons you!
You feel very sick.
You feel sick.
There is a stone staircase leading up here.
You feel sick. The adder bites you but does no damage. The adder bites you. x2
* * * LOW HITPOINT WARNING * * *
The adder bites you.
* * * LOW HITPOINT WARNING * * *
You climb upwards.
You feel sick.
There is a stone staircase leading down here.
It was a potion of flight.
You feel very buoyant.
You fly up into the air.
You feel sick. The adder closely misses you. The adder bites you.
You die...

########### #...S@S...#
#.#######.# #.# #.# #####
#.# #.# #...#### #.####
#.# #.#.....
#########....####.#
#...####
#.................# ##.##
#
#.#######.>..###..######†#
# ####.#
#.#..............# #


You could see 2 adders.

Vanquished Creatures
  3 adders
  2 worms (D:2)
  5 dart slugs
  An orc (D:4)
  4 endoplasms
  A giant cockroach (D:3)
  5 goblins
  5 hobgoblins
  5 kobolds
  4 quokkas
  6 ball pythons
  3 bats (D:2)
  4 frilled lizards
  5 rats
53 creatures vanquished.

Notes
Turn   | Place    | Note
-------+----------+-------------------------------------------
     0 | D:1      | Stomo444 the Vine Stalker Air Elementalist began the quest
                  | for the Orb.
     0 | D:1      | Reached XP level 1. HP: 9/9 MP: 4/4
   307 | D:1      | Reached XP level 2. HP: 11/14 MP: 1/6
   581 | D:1      | Reached skill level 1 in Fighting
  1143 | D:1      | Learned a level 2 spell: Static Discharge
  1246 | D:2      | Reached XP level 3. HP: 18/18 MP: 4/7
  1493 | D:2      | Found a faded altar of an unknown god.
  1900 | D:2      | Gained mutation: Your natural rate of healing is unusually
                  | fast. [Vine Stalker growth]
  1900 | D:2      | Reached XP level 4. HP: 22/22 MP: 4/8
  2660 | D:3      | Found a blossoming altar of Fedhas.
  2774 | D:3      | Found a glowing silver altar of Zin.
  3091 | D:3      | Found an ornate altar of the Wu Jian Council.
  3369 | D:4      | Reached skill level 1 in Short Blades
  3373 | D:4      | Noticed a scorpion
  3408 | D:4      | Found a broken altar of Ashenzari.
  3416 | D:4      | Reached skill level 4 in Air Magic
  3422 | D:3      | Slain by an adder

Illustrated notes

Levels and vault maps discovered:
D:1:      erik_arrival_cave_to_civilisation [erik_arrival_cave_to_hall],
          layout_basic
D:2:      layout_basic, hellmonk_ecumenical_altar_pennies_from_heaven,
          amcnicky_mini_rare_corridor_liquid, minmay_hexomino_p4
D:3:      layout_loops_ring, fedhas_ov_isle_minmay, zin_scriptorium,
          lemuel_crystal_altar
D:4:      layout_layer_cave, old_standard_altar, temple_green,
          minmay_misc_feat_secret_circle, uniq_ijyb

Skill      XL: |  1  2  3  4 |
---------------+-------------+-----
Fighting       | 1 |  1.6
Dodging        | 2 |  2.3
Short Blades   | 1 |  1.0
Air Magic      | 4 |  4.0
Stealth        | |  2.4
Spellcasting   | |  2.1
Conjurations   | |  1.0

Action                   |  1- 3 |  4- 6 || total
-------------------------+-------+-------++-------
Melee: Bite              |     4 |     2 ||     6
       Club              |     1 |       ||     1
       Dagger            |     1 |       ||     1
       Short sword       |     8 |     8 ||    16
 Cast: Shock             |    53 |    42 ||    95
       Static Discharge  |     4 |     7 ||    11
  Use: Scroll            |     1 |       ||     1
       Potion            |       |     1 ||     1
Armor: Robe              |     1 |     4 ||     5
Dodge: Dodged            |     4 |    12 ||    16
